 Dungeon Crawl Stone Soup version 0.22-a0-785-g6253c82ace (webtiles) character file.

55260 Flugkiller the Eclecticist (level 14, 0/66 HPs)
             Began as a Felid Ice Elementalist on July 19, 2018.
             Was a High Priest of Sif Muna.
             Killed from afar by a shock serpent (20 damage)
             ... with a bolt of electricity
             ... on level 4 of the Snake Pit on July 20, 2018.
             The game lasted 02:11:12 (59420 turns).

Flugkiller the Eclecticist (FeIE)                  Turns: 59420, Time: 02:11:12

Health: 0/66       AC:  5    Str:  4    XL:     14   Next: 37%
Magic:  27/44      EV: 29    Int: 22    God:    Sif Muna [*****.]
Gold:   2173       SH:  3    Dex: 16    Spells: 9/45 levels left
                                        Lives:  0   Deaths: 4

rFire    . . .     SeeInvis +   (weapon unavailable)
rCold    + . .     Gourm    .   (shield unavailable)
rNeg     . . .     Faith    .   (armour unavailable)
rPois    .         Spirit   .   (helmet unavailable)
rElec    .         Reflect  +   (cloak unavailable)
rCorr    .         Harm     .   (gloves unavailable)
MR       ++...                  (boots unavailable)
Stlth    +++.......             N - +3 amulet of reflection
HPRegen  0.21/turn              M - ring of magical power
MPRegen  0.29/turn              v - +2 ring of protection (curse)

@: studying Spellcasting, divine energy, quick
A: very small, no armour, no weapons or thrown items, stealth, claws 1, fangs 3,
see invisible, carnivore, speed 1, shaggy fur 3, slow metabolism 1, sharp paws
a: Stop Divine Energy, Channel Magic, Forget Spell, Renounce Religion


You were on level 4 of the Snake Pit.
You worshipped Sif Muna.
Sif Muna was extremely pleased with you.
You were not hungry.

You visited 5 branches of the dungeon, and saw 28 of its levels.

You collected 2466 gold pieces.
You spent 293 gold pieces at shops.

Inventory:

Jewellery
 f - an uncursed ring of fire
 o - an uncursed ring of stealth
 v - a cursed +2 ring of protection (right paw)
 L - an uncursed ring of wizardry
 M - a ring of magical power (left paw)
 N - a +3 amulet of reflection (around neck)
 Q - an uncursed ring of ice
Wands
 c - a wand of paralysis (20)
 n - a wand of flame (18)
 q - a wand of disintegration (13)
 s - a wand of iceblast (11)
 t - a wand of enslavement (16)
 u - a wand of polymorph (19)
 y - a wand of acid (42)
 z - a wand of scattershot (9)
 E - a wand of digging (8)
 G - a wand of random effects (24)
 K - a wand of clouds (4)
Scrolls
 a - 14 scrolls of remove curse
 j - 3 scrolls of fog
 l - 8 scrolls of teleportation
 p - 9 scrolls of identify
 A - 3 scrolls of amnesia
 C - 2 scrolls of magic mapping
 D - 4 scrolls of blinking
 F - 4 scrolls of fear
 J - a scroll of holy word
Potions
 d - 3 potions of might
 g - 6 potions of agility
 h - a potion of cancellation
 i - a potion of heal wounds
 k - 4 potions of haste
 m - 4 potions of curing
 r - 2 potions of magic
 w - a potion of resistance
 x - 2 potions of mutation
 B - a potion of berserk rage
 H - a potion of invisibility
 I - a potion of lignification
 O - 2 potions of flight
Books
 e - a manual of Spellcasting
Comestibles
 b - 30 rations


   Skills:
 - Level 10.0 Fighting
 - Level 13.0 Dodging
 - Level 4.0 Stealth
 + Level 16.1 Spellcasting
 - Level 12.0 Conjurations
 - Level 7.0 Summonings
 - Level 11.8 Translocations
 - Level 11.0 Ice Magic
 - Level 5.0 Evocations


You had 9 spell levels left.
You knew the following spells:

 Your Spells              Type           Power        Failure   Level  Hunger
a - Freeze                Ice            ####         1%          1    None
b - Throw Frost           Conj/Ice       ######       1%          2    None
c - Throw Icicle          Conj/Ice       ######..     1%          4    None
d - Summon Ice Beast      Ice/Summ       ######..     1%          4    None
e - Iskenderun's Mystic   Conj           ######..     1%          4    None
f - Bolt of Cold          Conj/Ice       ######....   4%          6    ####...
g - Summon Forest         Summ/Tloc      ######....   1%          5    ##.....
h - Ice Form              Ice/Tmut       #####...     3%          4    None
i - Regeneration          Chrm/Necr      ###.......   10%         3    None
q - Apportation           Tloc           ######       1%          1    None
r - Blink                 Tloc           N/A          1%          2    None

Your spell library contained the following spells:

 Spells                   Type           Power        Failure   Level  Hunger
 Magic Dart               Conj           ####         1%          1    None
 Conjure Flame            Conj/Fire      #####...     1%          3    None
 Lightning Bolt           Conj/Air       #####.....   8%          5    ##.....
 Slow                     Hex            ###.....     4%          2    None
 Throw Flame              Conj/Fire      #####.       1%          2    None
 Controlled Blink         Tloc           N/A          86%         8    #######
 Freezing Cloud           Conj/Ice/Air   ######....   22%         6    ####...
 Teleport Other           Tloc           ######..     1%          3    None
 Fire Storm               Conj/Fire      #####.....   100%        9    #######
 Ozocubu's Refrigeration  Ice            ######....   5%          6    ####...
 Ozocubu's Armour         Chrm/Ice       #####...     1%          3    None
 Iron Shot                Conj/Erth      #####.....   38%         6    ####...
 Shock                    Conj/Air       ####         1%          1    None
 Recall                   Summ/Tloc      N/A          1%          3    None
 Spider Form              Tmut/Pois      ###.......   10%         3    None
 Blade Hands              Tmut           ###.......   65%         5    ##.....
 Sticks to Snakes         Tmut           ###.....     4%          2    None
 Call Canine Familiar     Summ           #####...     1%          3    None
 Metabolic Englaciation   Hex/Ice        #####.....   10%         5    ##.....
 Summon Butterflies       Summ           #####...     1%          1    None
 Shatter                  Erth           ###.......   100%        9    #######
 Dispersal                Tloc           ######....   3%          6    ####...
 Static Discharge         Conj/Air       #####...     1%          3    None
 Lee's Rapid Deconstruct  Erth           ###.......   65%         5    ##.....
 Simulacrum               Ice/Necr       #####.....   45%         6    ####...
 Conjure Ball Lightning   Conj/Air       #####.....   38%         6    ####...
 Chain Lightning          Conj/Air       #####.....   100%        8    #######
 Passage of Golubria      Tloc           N/A          1%          4    None
 Malign Gateway           Summ/Tloc      ######....   50%         7    ######.
 Tornado                  Air            ###.......   100%        9    #######
 Shroud of Golubria       Chrm/Tloc      #####.....   1%          2    None
 Beastly Appendage        Tmut           ###...       3%          1    None
 Iskenderun's Battlesphe  Conj/Chrm      #####...     8%          5    ##.....
 Fulminant Prism          Conj/Hex       #####.....   2%          4    None
 Dazzling Spray           Conj/Hex       #####.       1%          3    None
 Force Lance              Conj/Tloc      ######..     1%          4    None
 Infusion                 Chrm           ###.         3%          1    None
 Song of Slaying          Chrm           ###.....     4%          2    None
 Spectral Weapon          Hex/Chrm       ###.....     10%         3    None
 Searing Ray              Conj           ######       1%          2    None
 Gell's Gravitas          Tloc           ######....   1%          3    None
 Lesser Beckoning         Tloc           ######....   1%          3    None
 Ignition                 Fire           ###.......   100%        8    #######


Dungeon Overview and Level Annotations

Branches:
Dungeon (15/15)            Temple (0/1) D:5            Lair (6/6) D:11
  Swamp (1/4) Lair:4        Snake (4/4) Lair:4        Slime (0/5) Lair:6
    Orc (2/2) D:11            Elf (0/3) Orc:2        Vaults (0/5) D:14
 Depths (0/5) D:15

Altars:
Ashenzari
Dithmenos
Gozag
Sif Muna
Wu Jian
Xom
The Shining One
Beogh

Shops:
D:7 =   D:15 %   Orc:2 *([?   Snake:1 (   Snake:2 (*

Annotations:
D:4 Edmund, Grinder, Sigmund
D:6 exclusion: cyclops
D:7 1 runed door
Lair:4 exclusion: oklob plant
Lair:6 exclusion: oklob plant
Snake:1 3 runed doors, Mielahaq's ghost, journeyman DEFE; P0WERM0DE's ghost, journeyman DDFi
Snake:3 1 runed door
Snake:4 3 runed doors


Innate Abilities, Weirdness & Mutations

You cannot wear armour.
You are incapable of wielding weapons or throwing items.
Your paws allow you to move quietly. (Stealth)
You have sharp claws.
You have razor-sharp teeth.
You have supernaturally acute eyesight. (SInv)
You are carnivorous and can eat meat at any time.
You cover ground quickly.
Your thick and shaggy fur keeps you warm. (AC +3, rC+)
You have a slow metabolism.
Your sharp claws are effective at attacking unaware monsters.


Message History

Okay, then.
Casting: Bolt of Cold (safe; 4% risk of failure)
Confirm with . or Enter, or press ? or * to list all spells.
Aiming: Bolt of Cold (safe; 4% risk of failure)
Press: ? - help, Shift-Dir - straight line, f/p - shock serpent
Aim: a shock serpent (moderately wounded)
The bolt of cold hits the shock serpent.
The shock serpent is severely wounded.
The shock serpent's electric aura discharges, shocking you!
The shock serpent completely misses you.
The shock serpent bites you! The shock serpent shocks you!
Casting: Bolt of Cold (safe; 4% risk of failure)
Confirm with . or Enter, or press ? or * to list all spells.
Aiming: Bolt of Cold (safe; 4% risk of failure)
Press: ? - help, Shift-Dir - straight line, f/p - shock serpent
Aim: a shock serpent (severely wounded)
The bolt of cold misses the shock serpent.
The shock serpent shoots out a bolt of lightning at you!
The bolt of electricity hits you!
You die...

### # #.. # #.# ## #
#.# .. # #.# .# #
#.### .# #
#########...# .# #
#.........#@###.# #
#.#######.#.S...# #
##<###.....#######
#####....#.#.........
)..........#.#######.
.................
.............####
.........###.#
###+++#### ###


You could see a shock serpent.

Vanquished Creatures
  Nikola (Lair:4)
  Louise (D:15)
  An orc warlord (Orc:2)
  Nessos (D:14)
  5 naga warriors
  Fannar (Orc:1)
  A centaur warrior (D:14)
  4 two-headed ogres
  4 anacondas
  2 dancing weapons
  2 tengu warriors
  2 death yaks (D:12)
  Sonja (D:15)
  5 shock serpents
  6 naga sharpshooters
  An orc high priest (Orc:2)
  A deep elf knight (D:15)
  6 skeletal warriors
  2 salamander mystics (Snake:2)
  A swamp dragon (shapeshifter) (D:15)
  2 naga ritualists
  A swamp dragon (Swamp:1)
  An unseen horror (D:15)
  A wizard (D:15)
  A deep elf archer (D:15)
  A lindwurm (Lair:5)
  3 deep elf magi
  2 orc sorcerers
  4 mana vipers
  10 salamanders
  4 elephants
  4 guardian serpents
  16 black mambas
  Maurice (Orc:1)
  11 naga magi
  A spiny frog (Lair:6)
  2 kobold demonologists (D:15)
  A komodo dragon (Lair:6)
  A rime drake (Lair:2)
  2 tengu conjurers
  2 polar bears (Lair:6)
  4 trolls
  2 meliai (D:13)
  2 hornets
  A tyrant leech (Lair:4)
  5 blink frogs
  6 hippogriffs
  A dream sheep (Lair:4)
  2 wyverns
  A shadow (D:14)
  6 spriggans (Lair:6)
  A water elemental (D:12)
  A wraith (D:6)
  7 yaks
  A basilisk (Lair:4)
  5 vampire mosquitoes
  3 wargs
  A swamp worm (Swamp:1)
  3 insubstantial wisps (Swamp:1)
  2 acid dragons
  29 nagas
  5 water moccasins
  7 porcupines
  2 sky beasts
  21 orc warriors
  4 swamp drakes (Swamp:1)
  6 ice beasts
  A black bear (Lair:6)
  4 boggarts (Lair:6)
  8 ogres
  6 centaurs
  5 wolves (Lair:6)
  3 crocodiles
  4 big kobolds
  7 bullfrogs
  A wyvern skeleton (D:14)
  3 scorpions
  8 killer bees
  2 vampire bats (Lair:4)
  A wight (D:9)
  3 crimson imps
  A bullfrog zombie (D:12)
  2 jellies
  A centaur skeleton (D:9)
  18 orc priests
  A hound (D:10)
  20 orc wizards
  An iguana (D:6)
  8 worker ants
  2 hound skeletons
  8 gnolls
  7 adders
  A shadow imp (D:9)
  2 oozes (D:2)
  2 worms
  A dart slug (D:2)
  6 leopard geckos
  74 orcs
  11 bats
  3 giant cockroaches
  3 goblins
  7 hobgoblins
  7 jackals
  16 kobolds
  3 ball pythons
  4 frilled lizards
  A quokka skeleton (D:5)
  2 rats
515 creatures vanquished.

Vanquished Creatures (collateral kills)
  Harold (Lair:4)
  3 naga warriors
  5 hydras
  An anaconda (Snake:1)
  2 death yaks
  Erica (D:10)
  A two-headed ogre (D:12)
  Urug (Orc:1)
  2 naga sharpshooters (Snake:1)
  2 skeletal warriors (D:13)
  A salamander mystic (Snake:1)
  2 mana vipers (Snake:1)
  Pikel (D:7)
  A salamander (Snake:3)
  A cyclops (D:14)
  2 ugly things (D:13)
  13 elephants
  5 black mambas
  3 naga magi (Snake:2)
  2 torpor snails (Lair:4)
  10 spiny frogs
  4 centaur skeletons
  2 komodo dragons
  A troll (D:11)
  A tengu conjurer (D:13)
  A rime drake (Lair:3)
  A meliai (D:13)
  A polar bear (Lair:6)
  3 hornets (Lair:6)
  18 blink frogs
  6 slime creatures (D:13)
  3 hippogriffs
  A bog body (Lair:4)
  8 dream sheep
  7 spriggans (Lair:6)
  A wyvern (D:9)
  A basilisk (Lair:6)
  31 yaks
  A hungry ghost (D:10)
  A steam dragon (D:9)
  9 nagas
  15 water moccasins
  2 soldier ants (D:8)
  2 porcupines
  A hornet zombie (D:13)
  6 orc warriors
  4 black bears
  5 ice beasts (Lair:4)
  A necrophage (D:11)
  18 wolves (Lair:6)
  6 centaurs
  3 ogres
  A big kobold (D:14)
  6 crocodiles
  9 bullfrogs
  A gnoll sergeant (Orc:2)
  2 scorpions (D:10)
  7 killer bees
  An electric eel (Lair:4)
  3 wights
  A howler monkey (D:7)
  2 crimson imps (D:10)
  A bullfrog zombie (D:13)
  3 centaur zombies
  2 quasits
  4 hounds
  7 orc priests
  A jelly (D:11)
  5 orc wizards
  A bullfrog skeleton (D:6)
  An iguana (D:10)
  5 worker ants
  A killer bee zombie (D:4)
  A hound skeleton (D:5)
  A worker ant zombie (D:9)
  A howler monkey skeleton (D:6)
  4 gnolls
  An adder (D:11)
  A river rat (Lair:4)
  An adder zombie (D:6)
  An adder skeleton (D:5)
  A worm (D:8)
  A leopard gecko (D:6)
  20 orcs
  2 hobgoblins (D:11)
  2 jackals (D:5)
  3 quokkas
  2 kobolds
  A leopard gecko skeleton (D:8)
  4 fungi
335 creatures vanquished.

Vanquished Creatures (others)
  2 slaves (D:7)
  A crimson imp (D:7)
  An orc wizard (D:7)
  A bullfrog skeleton (D:7)
  An iguana (D:7)
  A gnoll (D:7)
  2 orcs (D:7)
  A leopard gecko skeleton (D:7)
  2 bushes (D:15)
  23 fungi
  10 plants
  7 snaplasher vines
52 creatures vanquished.

Grand Total: 902 creatures vanquished

Notes
Turn   | Place    | Note
-------+----------+-------------------------------------------
     0 | D:1      | Flugkiller the Felid Ice Elementalist began the quest for the Orb.
     0 | D:1      | Reached XP level 1. HP: 7/7 MP: 4/4
   348 | D:1      | Reached XP level 2. HP: 10/11 MP: 3/6
   416 | D:1      | Learned a level 2 spell: Throw Frost
   829 | D:1      | Reached skill level 1 in Conjurations
  1451 | D:2      | Noticed a scorpion
  1750 | D:2      | Reached XP level 3. HP: 10/14 MP: 0/7
  2573 | D:2      | Killed a scorpion
  2573 | D:2      | Reached XP level 4. HP: 13/18 MP: 0/9
  2648 | D:2      | Reached skill level 3 in Spellcasting
  3018 | D:2      | Learned a level 4 spell: Summon Ice Beast
  3065 | D:2      | Reached XP level 5. HP: 21/21 MP: 7/10
  4350 | D:4      | Noticed Grinder
  4400 | D:4      | Noticed Edmund
  4912 | D:4      | Reached skill level 1 in Summonings
  5264 | D:4      | Found a deep blue altar of Sif Muna.
  5264 | D:4      | Noticed an ogre
  5309 | D:4      | Killed an ogre
  5309 | D:4      | Gained mutation: You are covered in thick fur. (AC +2) [Felid growth]
  5309 | D:4      | Reached XP level 6. HP: 24/24 MP: 0/12
  5410 | D:4      | Found an opulent altar of Gozag.
  5479 | D:4      | Became a worshipper of Sif Muna the Loreminder
  5573 | D:4      | HP: 1/24 [killer bee zombie (3)]
  6171 | D:4      | Noticed Sigmund
  6194 | D:5      | Entered Level 5 of the Dungeon
  6291 | D:5      | Killed from afar by an orc priest
  6292 | D:5      | Reached XP level 5. HP: -2/21 MP: 3/11
  6555 | D:5      | Found a staircase to the Ecumenical Temple.
  6584 | D:5      | Noticed a spatial vortex
  6713 | D:5      | Reached XP level 6. HP: 23/24 MP: 4/12
  6879 | D:5      | Learned a level 4 spell: Throw Icicle
  7034 | D:5      | Reached skill level 4 in Spellcasting
  7418 | D:6      | Noticed a sky beast
  7419 | D:6      | Reached * piety under Sif Muna
  7419 | D:6      | Reached skill level 5 in Ice Magic
  7688 | D:6      | Reached XP level 7. HP: 27/27 MP: 9/14
  7839 | D:5      | Reached ** piety under Sif Muna
  7839 | D:5      | Reached *** piety under Sif Muna
  7839 | D:5      | Reached **** piety under Sif Muna
  7839 | D:5      | Reached skill level 7 in Spellcasting
  7839 | D:5      | Reached XP level 8. HP: 31/31 MP: 14/19
  7840 | D:5      | Reached XP level 9. HP: 41/41 MP: 14/20
  7941 | D:6      | Noticed a cyclops
  8781 | D:7      | Found Athriyhewk's Jewellery Shoppe.
  8906 | D:7      | Noticed Pikel
  9227 | D:7      | Killed Pikel
 10081 | D:7      | Found a runed door.
 10194 | D:7      | Bought a cursed +2 ring of protection for 91 gold pieces
 10906 | D:8      | Found a shattered altar of Ashenzari.
 12042 | D:9      | Found an ornate altar of the Wu Jian Council.
 12151 | D:9      | Reached XP level 10. HP: 41/45 MP: 6/22
 13582 | D:9      | Reached ***** piety under Sif Muna
 13608 | D:9      | Identified Hicvor's Collected Works on Destructive Fire (Sif Muna gifted it to you on level 9 of the Dungeon)
 13608 | D:9      | Received a gift from Sif Muna
 13686 | D:9      | Upgraded the game from 0.22-a0-779-g6f83d72c62 to 0.22-a0-785-g6253c82ace
 13854 | D:10     | Entered Level 10 of the Dungeon
 13854 | D:10     | Found an ornate altar of the Wu Jian Council.
 14142 | D:10     | Reached skill level 8 in Spellcasting
 14334 | D:10     | Noticed Erica
 14344 | D:10     | Killed Erica
 15163 | D:10     | Found a glowing golden altar of the Shining One.
 16914 | D:11     | Found a staircase to the Orcish Mines.
 17503 | D:11     | Found a staircase to the Lair.
 17623 | Lair:1   | Entered Level 1 of the Lair of Beasts
 17646 | Lair:1   | Reached XP level 11. HP: 48/48 MP: 7/24
 17914 | Lair:1   | Reached skill level 1 in Evocations
 19316 | Lair:2   | Reached skill level 9 in Spellcasting
 20337 | Lair:3   | Noticed an eight-headed hydra
 20343 | Lair:3   | Killed an eight-headed hydra
 21210 | Lair:3   | Reached skill level 10 in Dodging
 22634 | Lair:4   | Found a staircase to the Swamp.
 22704 | Lair:4   | Found a staircase to the Snake Pit.
 22711 | Lair:4   | Identified Sif Muna's Disquisition on Dislocated Malediction (Sif Muna gifted it to you on level 4 of the Lair of Beasts)
 22711 | Lair:4   | Received a gift from Sif Muna
 22720 | Lair:4   | Noticed a seven-headed hydra
 22861 | Lair:4   | Killed a seven-headed hydra
 22861 | Lair:4   | Gained mutation: Your thick and shaggy fur keeps you warm. (AC +3, rC+) [Felid growth]
 22861 | Lair:4   | Reached XP level 12. HP: 37/52 MP: 9/26
 22917 | Lair:4   | Learned a level 2 spell: Blink
 23136 | Lair:4   | Noticed a death yak
 23185 | Lair:4   | Noticed Harold
 23237 | Lair:4   | Killed Harold
 23329 | Lair:4   | Reached skill level 10 in Spellcasting
 23454 | Lair:4   | Killed a death yak
 24065 | Lair:4   | Reached skill level 1 in Translocations
 25479 | Lair:5   | Noticed a four-headed hydra
 25490 | Lair:5   | Killed a four-headed hydra
 26542 | Lair:5   | Reached skill level 11 in Spellcasting
 27385 | Lair:6   | Entered Level 6 of the Lair of Beasts
 27428 | Lair:6   | Slain by a hornet
 27428 | Lair:6   | Paralysed by a hornet for 1 turns
 27429 | Lair:6   | Reached XP level 11. HP: -2/50 MP: 3/27
 28106 | Lair:6   | Noticed a four-headed hydra
 28114 | Lair:6   | Killed a four-headed hydra
 28546 | Lair:6   | Reached XP level 12. HP: 13/55 MP: 6/28
 29019 | Lair:6   | Identified Sif Muna's Handbook of the Destructive Snowflakes (Sif Muna gifted it to you on level 6 of the Lair of Beasts)
 29019 | Lair:6   | Received a gift from Sif Muna
 30434 | Lair:6   | Found a staircase to the Slime Pits.
 31322 | D:12     | Noticed a two-headed ogre
 31332 | D:12     | Killed a two-headed ogre
 31721 | D:12     | Reached skill level 10 in Conjurations
 31721 | D:12     | Reached skill level 10 in Ice Magic
 32208 | D:12     | Noticed a death yak
 32209 | D:12     | Noticed a death yak
 32210 | D:12     | Noticed a death yak
 32239 | D:12     | Killed a death yak
 32350 | D:12     | Noticed a two-headed ogre
 32357 | D:12     | Killed a two-headed ogre
 32500 | D:12     | Killed a death yak
 33308 | D:12     | Killed a death yak
 33748 | D:13     | Noticed a two-headed ogre
 33857 | D:13     | Reached XP level 13. HP: 28/58 MP: 9/29
 35299 | D:13     | Received a gift from Sif Muna
 35308 | D:13     | Learned a level 6 spell: Bolt of Cold
 37919 | D:13     | Learned a level 4 spell: Iskenderun's Mystic Blast
 38409 | D:14     | Found a gate to the Vaults.
 39172 | D:14     | Reached skill level 12 in Spellcasting
 39364 | D:14     | Noticed Nessos
 39729 | D:14     | Killed Nessos
 40017 | D:14     | Found a shadowy altar of Dithmenos.
 40080 | D:15     | Entered Level 15 of the Dungeon
 40141 | D:15     | Noticed Louise
 40189 | D:15     | Found a shimmering altar of Xom.
 41213 | D:15     | Killed Louise
 41213 | D:15     | Identified Sif Muna's Incunabulum of the Voyage (Sif Muna gifted it to you on level 15 of the Dungeon)
 41213 | D:15     | Received a gift from Sif Muna
 41415 | D:15     | Learned a level 5 spell: Summon Forest
 41600 | D:15     | Reached skill level 13 in Spellcasting
 41727 | D:15     | Noticed Sonja
 41732 | D:15     | Killed Sonja
 41741 | D:15     | Reached skill level 5 in Translocations
 41917 | D:15     | Found Inuenlie's Food Boutique.
 42006 | D:15     | Reached XP level 14. HP: 46/63 MP: 14/32
 42196 | D:15     | Noticed an azure jelly
 42196 | D:15     | a dire elephant changed into an azure jelly
 42197 | D:15     | Noticed a storm dragon
 42197 | D:15     | an azure jelly changed into a storm dragon
 42198 | D:15     | Noticed an entropy weaver
 42198 | D:15     | a storm dragon changed into an entropy weaver
 42594 | D:15     | Found a staircase to the Depths.
 42621 | D:15     | Noticed a fire giant
 42631 | D:15     | Noticed a frost giant
 42631 | D:15     | a fire giant changed into a frost giant
 42639 | D:15     | Noticed a fire giant
 42639 | D:15     | a frost giant changed into a fire giant
 42641 | D:15     | a fire giant changed into an iron troll
 42657 | D:15     | Noticed a quicksilver dragon
 42657 | D:15     | an iron troll changed into a quicksilver dragon
 42669 | D:15     | a quicksilver dragon changed into a dire elephant
 42676 | D:15     | Noticed a quicksilver dragon
 42676 | D:15     | a dire elephant changed into a quicksilver dragon
 43105 | Orc:1    | Entered Level 1 of the Orcish Mines
 43105 | Orc:1    | Found a roughly hewn altar of Beogh.
 43105 | Orc:1    | Noticed Maurice
 43110 | Orc:1    | Killed Maurice
 43329 | Orc:2    | Entered Level 2 of the Orcish Mines
 43332 | Orc:2    | Found a staircase to the Elven Halls.
 43499 | Orc:2    | Found a roughly hewn altar of Beogh.
 44322 | Orc:2    | Found a roughly hewn altar of Beogh.
 44386 | Orc:2    | Found a roughly hewn altar of Beogh.
 44442 | Orc:2    | Found a roughly hewn altar of Beogh.
 44679 | Orc:2    | Found a roughly hewn altar of Beogh.
 44775 | Orc:2    | Found Ujaife Daerch's Magic Scroll Emporium.
 44780 | Orc:2    | Bought a scroll of teleportation for 45 gold pieces
 44780 | Orc:2    | Bought a scroll of teleportation for 45 gold pieces
 44823 | Orc:2    | Found a roughly hewn altar of Beogh.
 44841 | Orc:2    | Found Ydghal's General Store.
 44846 | Orc:2    | Bought a scroll of teleportation for 42 gold pieces
 44846 | Orc:2    | Bought a potion of heal wounds for 70 gold pieces
 45224 | Orc:2    | Noticed an orc warlord
 45236 | Orc:2    | Killed an orc warlord
 45479 | Orc:2    | Found Funela's Antique Armour Shop.
 45498 | Orc:2    | Found Nolewomu's Antique Weapon Boutique.
 45498 | Orc:2    | Found a roughly hewn altar of Beogh.
 45747 | Orc:1    | Noticed Urug
 45766 | Orc:1    | Killed Urug
 46106 | Orc:1    | Noticed Fannar
 46119 | Orc:1    | Killed Fannar
 46669 | Swamp:1  | Entered Level 1 of the Swamp
 46671 | Swamp:1  | Received a gift from Sif Muna
 46909 | Lair:4   | Reached skill level 14 in Spellcasting
 47081 | Lair:4   | Learned a level 1 spell: Apportation
 47334 | Snake:1  | Entered Level 1 of the Snake Pit
 47334 | Snake:1  | Noticed Nikola
 47730 | Lair:4   | Killed Nikola
 47730 | Lair:4   | Reached skill level 10 in Translocations
 47763 | Lair:4   | Found a staircase to the Swamp.
 47989 | Lair:4   | Killed from afar by a guardian serpent
 47990 | Lair:4   | Reached XP level 13. HP: -9/58 MP: 6/41
 48618 | Snake:1  | HP: 2/58 [anaconda (3)]
 48621 | Snake:1  | Killed from afar by a shock serpent
 48622 | Snake:1  | Reached XP level 12. HP: -4/56 MP: 4/40
 48973 | Snake:1  | Found a runed gate.
 48973 | Snake:1  | Found a runed gate.
 48973 | Snake:1  | Found a runed gate.
 48977 | Snake:1  | Noticed P0WERM0DE's ghost (journeyman DDFi)
 48977 | Snake:1  | Noticed Mielahaq's ghost (journeyman DEFE)
 48978 | Snake:1  | Noticed Mielahaq's ghost (journeyman DEFE)
 48980 | Snake:1  | Noticed Mielahaq's ghost (journeyman DEFE)
 48981 | Snake:1  | Noticed P0WERM0DE's ghost (journeyman DDFi)
 49398 | Snake:1  | Reached skill level 5 in Evocations
 49703 | Snake:1  | Found Sim Wolueng's Weapon Shop.
 49771 | Snake:1  | Noticed a naga warrior
 50085 | Snake:1  | Killed a naga warrior
 50085 | Snake:1  | Reached XP level 13. HP: 59/59 MP: 17/32
 54343 | Snake:2  | Learned a level 4 spell: Ice Form
 55651 | Snake:2  | Found Jazakhos's Assorted Antiques.
 55804 | Snake:2  | Found Cethofuj's Antique Weapon Boutique.
 56825 | Snake:3  | Reached XP level 14. HP: 60/65 MP: 24/33
 56833 | Snake:3  | Identified Sif Muna's Volume of Summoning and Clay (Sif Muna gifted it to you on level 3 of the Snake Pit)
 56833 | Snake:3  | Received a gift from Sif Muna
 56833 | Snake:3  | Reached skill level 10 in Fighting
 57245 | Snake:3  | Reached skill level 15 in Spellcasting
 57548 | Snake:3  | Found a runed door.
 58456 | Snake:3  | Learned a level 3 spell: Regeneration
 59261 | Snake:3  | Reached skill level 16 in Spellcasting
 59317 | Snake:4  | Entered Level 4 of the Snake Pit
 59379 | Snake:4  | Found a runed gate.
 59380 | Snake:4  | Found a runed gate.
 59389 | Snake:4  | Found a runed gate.
 59420 | Snake:4  | Killed from afar by a shock serpent

Vault maps used:
D:1:      roderic_dead_forest
D:2:      first_ration
D:4:      lemuel_crystal_altar, grunt_gozag_statues, uniq_grinder, uniq_sigmund,
          uniq_edmund
D:5:      temple_statues
D:7:      serial_shops, shop_statue, uniq_crazy_yiuf_cottage, uniq_pikel
D:8:      cheibrodos_ashenzari_chains, hangedman_pestilent_swarm
D:9:      basic_altar
D:10:     basic_altar, dk_noncrumbling_4, nicolae_tso_swordbearing_angel,
          uniq_erica
D:11:     lair_entry_dummy, erik_orc_3
D:12:     argonaut_augean_stables
D:13:     lab_entry_generic
D:14:     erik_vaults_1, infiniplex_staircase_split_hallway,
          grunt_dithmenos_shadows, uniq_nessos
D:15:     hangedman_depths_entry_civil_slaughter, basic_altar,
          serial_park_paths, serial_shops, shop, uniq_louise, uniq_sonja
Lair:1:   st_stairs_5, grunt_megastairs_2
Lair:2:   wad_woods_road_05
Lair:3:   lemuel_old_faithful
Lair:4:   swamp_mist_pool, minmay_snake_entry_guardpost_small,
          portal_ice_cave_entry_ice_beasts, roderic_batcave,
          minmay_lair_oklob_items, pond, uniq_harold
Lair:5:   minivault_26, bh_chokoban, serial_bayou_crossing
Lair:6:   minmay_lair_end_enchanted_forest, minmay_slime_entry_oklob_enclosed
Swamp:1:  serial_swamp_ruin, evilmike_swamp_ruin_house_5,
          evilmike_swamp_ruin_rubble_2, evilmike_swamp_ruin_house_3, swamp_pool5
Snake:1:  serial_shops, shop, gammafunk_ghost_cemetery, uniq_nikola
Snake:2:  serial_shops, shop, nicolae_shop_crystal, serial_bayou_shore_b,
          lemuel_fruit_tree
Snake:3:  cheibrodos_toxic_ritual, grunt_ministairs_3, spider_trap, st_stairs_4
Snake:4:  snake_pit, gammafunk_ghost_cemetery, serial_shops, shop
Orc:1:    basic_altar, uniq_urug, uniq_fannar, uniq_maurice
Orc:2:    grunt_orc_community_town_hall, grunt_orc_community_big_house_2,
          grunt_orc_community_big_house_2, grunt_orc_community_house_3,
          grunt_orc_community_house_3, grunt_orc_community_house_1,
          grunt_orc_community_house_2, grunt_orc_community_house_2,
          statue_in_the_mist_lemuel

Skill      XL: |  1  2  3  4  5  6  7  8  9 10 11 12 13 14 |
---------------+-------------------------------------------+-----
Ice Magic      | 3 4 5 7 8 9 10 11 | 11.0
Conjurations   | 1 2 3 6 7 8 9 10 12 | 12.0
Spellcasting   | 3 4 7 8 9 11 13 16 | 16.1
Summonings     | 2 6 7 |  7.0
Fighting       | 6 8 7 9 10 | 10.0
Dodging        | 8 11 13 | 13.0
Evocations     | 4 5 |  5.0
Stealth        | 4 |  4.0
Translocations | 11 5 10 | 11.8

Action                   |  1- 3 |  4- 6 |  7- 9 | 10-12 | 13-15 || total
-------------------------+-------+-------+-------+-------+-------++-------
Melee: Unarmed           |     3 |    29 |    13 |    97 |     5 ||   147
       Bite              |       |     1 |     2 |    15 |       ||    18
 Cast: Freeze            |    35 |    50 |    14 |   184 |   132 ||   415
       Throw Frost       |    28 |    55 |     1 |    63 |    28 ||   175
       Summon Ice Beast  |       |    17 |    57 |   386 |   136 ||   596
       Throw Icicle      |       |     2 |    30 |   196 |   206 ||   434
       Bolt of Cold      |       |       |       |    22 |   267 ||   289
       Blink             |       |       |       |     3 |    13 ||    16
       Summon Forest     |       |       |       |     2 |    12 ||    14
       Iskenderun's Myst |       |       |       |       |    64 ||    64
       Ice Form          |       |       |       |       |    10 ||    10
       Regeneration      |       |       |       |       |     2 ||     2
Invok: Divine Energy     |       |       |       |       |     1 ||     1
 Abil: End Transformatio |       |       |       |       |     1 ||     1
Evoke: Wand              |       |       |       |     3 |     6 ||     9
  Use: Scroll            |     2 |     6 |     3 |    18 |    10 ||    39
       Potion            |       |     1 |     2 |     1 |     8 ||    12
 Stab: Sleeping          |       |     1 |       |       |       ||     1
       Distracted        |       |       |       |     6 |       ||     6
  Eat: Chunk             |    12 |    21 |    16 |    74 |    72 ||   195
       Ration            |       |       |       |       |    18 ||    18
Armor: Skin              |       |     6 |     2 |    35 |    20 ||    63
Dodge: Dodged            |    29 |    93 |    60 |   480 |   343 ||  1005
Block: Other             |       |       |       |     1 |    19 ||    20
       Reflection        |       |       |       |       |     3 ||     3

Table legend:
 A = Spawn XP
 B = Non-spawn XP
 C = Spawn XP percentage of total XP
 D = Spawn monster count
 E = Non-spawn monster count
 F = Spawn count percentage of total count
 G = Total turns spent on level
                    A         B        C        D         E        F      G
               +---------+---------+-------+---------+---------+-------+---------
         Total |       0 |  147488 |   0.0 |       0 |     847 |   0.0 | 59420
               +---------+---------+-------+---------+---------+-------+---------
           D:1 |       0 |      28 |   0.0 |       0 |      17 |   0.0 |  2277
           D:2 |       0 |     186 |   0.0 |       0 |      15 |   0.0 |  1132
           D:3 |       0 |      73 |   0.0 |       0 |      23 |   0.0 |  1557
           D:4 |       0 |     156 |   0.0 |       0 |       6 |   0.0 |  1228
           D:5 |       0 |     342 |   0.0 |       0 |      20 |   0.0 |  1366
           D:6 |       0 |     619 |   0.0 |       0 |      19 |   0.0 |  1529
           D:7 |       0 |     843 |   0.0 |       0 |      22 |   0.0 |  1185
           D:8 |       0 |    1008 |   0.0 |       0 |      21 |   0.0 |  2193
           D:9 |       0 |    1918 |   0.0 |       0 |      36 |   0.0 |  1482
          D:10 |       0 |    2021 |   0.0 |       0 |      33 |   0.0 |  2332
          D:11 |       0 |    1708 |   0.0 |       0 |      37 |   0.0 |  1674
          D:12 |       0 |    7907 |   0.0 |       0 |      44 |   0.0 |  3298
          D:13 |       0 |    8348 |   0.0 |       0 |      39 |   0.0 |  3316
          D:14 |       0 |   10411 |   0.0 |       0 |      33 |   0.0 |  2698
          D:15 |       0 |   11886 |   0.0 |       0 |      25 |   0.0 |  2202
        Lair:1 |       0 |    2976 |   0.0 |       0 |      20 |   0.0 |  1817
        Lair:2 |       0 |    2153 |   0.0 |       0 |      14 |   0.0 |  1735
        Lair:3 |       0 |    4394 |   0.0 |       0 |      21 |   0.0 |  1726
        Lair:4 |       0 |   13434 |   0.0 |       0 |      55 |   0.0 |  4906
        Lair:5 |       0 |    4367 |   0.0 |       0 |      28 |   0.0 |  2760
        Lair:6 |       0 |   10879 |   0.0 |       0 |      75 |   0.0 |  2910
       Swamp:1 |       0 |    1921 |   0.0 |       0 |       9 |   0.0 |    51
       Snake:1 |       0 |   12045 |   0.0 |       0 |      32 |   0.0 |  5456
       Snake:2 |       0 |   18394 |   0.0 |       0 |      39 |   0.0 |  3607
       Snake:3 |       0 |   18798 |   0.0 |       0 |      43 |   0.0 |  1495
       Snake:4 |       0 |     468 |   0.0 |       0 |       1 |   0.0 |   103
         Orc:1 |       0 |    3576 |   0.0 |       0 |      23 |   0.0 |  1019
         Orc:2 |       0 |    6629 |   0.0 |       0 |      97 |   0.0 |  2366
               +---------+---------+-------+---------+---------+-------+---------
